AoeStats
← Superhoops

Arabia

510809691Analyzed
4v4 RM · 14h ago on Oct 2, 2026· 31m 15s· 8 players
Game mode
Random Map
Map size
Large (8 player)
Population
200
Speed
Normal
Resources
Standard
Victory
Conquest
Starting age
Dark Age
Ending age
Imperial Age
RankedLock teamsTeams togetherTeam positionsShared explorationLock speedFull tech treeHidden civsTurbo modeCheats
Victory
Defeat
🇫🇷 Ethiopians · France
1377
+10
🇫🇷 Varangians · France
1329
+12
🇨🇭 Magyars · Switzerland
1254
+15
🇫🇷 Italians · France
1133
+18
🇸🇪 Teutons · Sweden
1330
-18
🇸🇪 Franks · Sweden
1269
-16
🇬🇧 Varangians · United Kingdom
1192
-12
🇸🇪 Britons · Sweden
1106
-9
Superhoops
7:13 Loom
9:22 Feudal Age
14:00 Fletching
24:57 Double-Bit Axe
32:07 Castle Age
Nectarine
4:22 Loom
10:59 Feudal Age
18:14 Castle Age
18:22 Scale Mail Armor
18:33 Forging
19:02 Squires
23:42 Chain Mail Armor
25:08 Fletching
25:26 Town Watch
29:27 Double-Bit Axe
29:56 Horse Collar
30:55 Wheelbarrow
31:47 Iron Casting
johansoderstrom1
7:40 Loom
10:01 Feudal Age
12:32 Scale Barding Armor
16:10 Forging
24:04 Castle Age
22:21 Double-Bit Axe
26:08 Bow Saw
28:10 Light Cavalry
29:46 Chain Barding Armor
30:15 Husbandry
Peppe L-G
7:03 Loom
9:22 Feudal Age
10:04 Double-Bit Axe
15:53 Scale Barding Armor
17:09 Horse Collar
18:24 Forging
20:50 Bloodlines
28:15 Castle Age
26:33 Gold Mining
29:21 Chain Barding Armor
29:39 Bow Saw
30:42 Iron Casting
AGS.Royal
7:13 Loom
9:45 Feudal Age
11:41 Bloodlines
11:54 Double-Bit Axe
15:48 Wheelbarrow
17:36 Scale Barding Armor
17:33 Horse Collar
20:52 Forging
24:13 Castle Age
23:40 Town Watch
25:42 Hand Cart
26:07 Light Cavalry
27:23 Husbandry
28:10 Bow Saw
29:56 Iron Casting
30:17 Gold Mining
AGS.Pymp K-T
5:34 Loom
9:31 Feudal Age
10:21 Double-Bit Axe
14:38 Fletching
20:40 Padded Archer Armor
22:25 Horse Collar
24:52 Castle Age
26:03 Crossbowman
26:40 Bodkin Arrow
26:57 Town Watch
29:24 Ballistics
30:20 Leather Archer Armor
AGS.Shirar
5:44 Loom
8:28 Feudal Age
9:00 Double-Bit Axe
14:29 Fletching
22:47 Castle Age
22:24 Horse Collar
22:35 Gold Mining
23:24 Bodkin Arrow
23:30 Crossbowman
28:07 Wheelbarrow
27:44 Bow Saw
31:19 Padded Archer Armor
AGS.Grimnel
7:11 Loom
9:29 Feudal Age
10:58 Double-Bit Axe
18:37 Horse Collar
24:08 Castle Age
23:03 Bloodlines
23:32 Scale Barding Armor
23:46 Gold Mining
25:50 Chain Barding Armor
26:23 Town Watch
29:22 Wheelbarrow
29:33 Husbandry
Connection lost

Rejoining the realm…

Still unreachable

The connection could not be restored.

Session expired

The server has moved on; the page needs a fresh start.